 Dungeon Crawl Stone Soup version 0.29.1-15-g9cfb28693d (webtiles) character file.

Game seed: 5898175611441343378

12621 112233 the Thaumaturge (level 11, -9/61 (67) HPs)
             Began as a Deep Elf Conjurer on Feb 24, 2023.
             Was a Priest of Sif Muna.
             Mangled by a spectral orc knight
             ... wielding a +0 dire flail
             ... summoned by Nergalle
              (16 damage)
             ... on level 1 of the Lair of Beasts.
             The game lasted 00:21:30 (12665 turns).

112233 the Thaumaturge (Deep Elf Conjurer)         Turns: 12665, Time: 00:21:30

HP:   -9/61 (67)    AC:  6    Str:  4    XL:     11   Next: 64%
MP:   21/29         EV: 15    Int: 28    God:    Sif Muna [***...]
Gold: 874           SH:  0    Dex: 13    Spells: 17/34 levels left

rFire   . . .      SeeInvis .   t - +2 long sword (holy)
rCold   . . .      Faith    .   (no shield)
rNeg    . . .      Spirit   .   n - +0 troll leather armour
rPois   .          Reflect  .   i - +0 helmet
rElec   .          Harm     .   (no cloak)
rCorr   .          Rampage  .   (no gloves)
Will    ++...                   x - +0 pair of boots
Stlth   ++........              y - amulet of Vitality {RegenMP++ Regen++}
HPRegen 2.60/turn               D - ring of wizardry
MPRegen 1.01/turn               G - ring of willpower

@: drained
A: no striking features
a: Renounce Religion, Channel Magic, Forget Spell


You were on level 1 of the Lair of Beasts.
You worshipped Sif Muna.
Sif Muna was most pleased with you.
You visited 3 branches of the dungeon, and saw 14 of its levels.

You collected 874 gold pieces.

Inventory:

Hand Weapons
 j - a +0 dagger of freezing
 t - a +2 long sword of holy wrath (weapon)
Missiles
 C - a throwing net
Armour
 a - a +0 robe
 i - a +0 helmet (worn)
 n - a +0 troll leather armour (worn)
 x - a +0 pair of boots (worn)
 K - the +2 cloak of the Shoals {Rampage rF+ Int-3}
   (You found it on level 9 of the Dungeon)

   Int:       It affects your intelligence (-3).
   rF:        It protects you from fire.
   Rampage:   It bestows one free step when moving towards enemies.
Jewellery
 y - the amulet of Vitality (around neck) {RegenMP++ Regen++}
   (You found it on level 3 of the Dungeon)

   [amulet of magic regeneration]

   It increases your rate of magic regeneration.
   Regen:     It increases your rate of health regeneration.
 D - a ring of wizardry (left hand)
 G - a ring of willpower (right hand)
 L - a ring of positive energy
 P - a ring of see invisible
Wands
 c - a wand of acid (3)
 h - a wand of mindburst (20)
 o - a wand of flame (64)
 B - a wand of polymorph (6)
Scrolls
 d - 4 scrolls of amnesia
 e - 6 scrolls of butterflies
 g - 3 scrolls of fear
 k - a scroll of silence
 l - 3 scrolls of vulnerability
 p - 5 scrolls of teleportation
 s - 2 scrolls of summoning
 u - 3 scrolls of noise
 H - 4 scrolls of enchant weapon
 N - 2 scrolls of magic mapping
 O - 3 scrolls of torment {unknown}
 R - 3 scrolls of identify
 S - a scroll of enchant armour {unknown}
Potions
 b - a potion of attraction
 f - 3 potions of lignification
 m - 4 potions of ambrosia
 q - 3 potions of resistance
 r - 2 potions of might
 v - a potion of invisibility {unknown}
 w - 2 potions of magic
 z - 3 potions of brilliance
 A - a potion of mutation
 E - 2 potions of flight
 F - 4 potions of degeneration {unknown}
 I - a potion of haste {unknown}
 J - a potion of berserk rage {unknown}
 M - 2 potions of heal wounds
Miscellaneous
 Q - a tin of tremorstones (2/2)


   Skills:
 + Level 7.2 Fighting
 + Level 2.6 Armour
 + Level 10.7 Dodging
 - Level 2.8 Stealth
 + Level 12.4 Spellcasting
 + Level 11.1 Conjurations
 - Level 4.8 Hexes
 + Level 1.1 Earth Magic


You had 17 spell levels left.
You knew the following spells:

 Your Spells              Type           Power      Damage    Failure   Level
a - Magic Dart            Conj           100%       1d8       1%          1
b - Searing Ray           Conj           100%       2d8       1%          2
c - Iskenderun's Mystic   Conj/Tloc      48%        2d11      2%          4
d - Fulminant Prism       Conj/Hex       29%        3d14      1%          4
e - Iron Shot             Conj/Erth      25%        9d5       26%         6

Your spell library contained the following spells:

 Spells                   Type           Power      Damage    Failure   Level
 Dazzling Flash           Conj/Hex       100%       N/A       1%          3
 Stone Arrow              Conj/Erth      100%       3d13      1%          3
 Gell's Gravitas          Tloc           17%        N/A       6%          3
 Lesser Beckoning         Tloc           17%        N/A       6%          3
 Ozocubu's Armour         Ice            17%        N/A       6%          3
 Teleport Other           Tloc           17%        N/A       6%          3
 Animate Armour           Summ/Erth      40%        N/A       16%         4
 Lee's Rapid Deconstruct  Erth           11%        3d9*      34%         5
 Blade Hands              Tmut           8%         N/A       50%         5
 Summon Forest            Summ/Tloc      8%         N/A       50%         5
 Eringya's Noxious Bog    Tmut/Pois      8%         N/A       96%         6
 Ozocubu's Refrigeration  Ice            8%         4d9       100%        7
 Summon Hydra             Summ           8%         N/A       100%        7
 Lehudib's Crystal Spear  Conj/Erth      25%        10d7      100%        8


Dungeon Overview and Level Annotations

Branches:
Dungeon (12/15)            Temple (1/1) D:5            Lair (1/5) D:11
    Orc: D:9-12

Altars:
Ashenzari
Cheibriados
Dithmenos
Elyvilon
Fedhas
Gozag
Hepliaklqana
Kikubaaqudgha
Makhleb
Nemelex Xobeh
Okawaru
Qazlal
Ru
Sif Muna
Trog
Uskayaw
Vehumet
Wu Jian
Xom
Yredelemnul
Zin
The Shining One

Annotations:
D:5 exclusion: downstairs
D:8 exclusion: downstairs
Lair:1 Nergalle


Message History

Confirm with . or Enter, or press ? or * to list all spells.
You erupt in a blast of force!
The mystic blast hits the spectral orc knight!
The spectral orc knight is moderately damaged.
The spectral orc knight is knocked back by the mystic blast.
The mystic blast hits Nergalle.
Nergalle is lightly wounded.
Nergalle is knocked back by the mystic blast.
The mystic blast hits the spectral orc knight!
The spectral orc knight is moderately damaged.
The spectral orc knight is knocked back by the mystic blast.
Your fulminant prism explodes!
Nergalle casts a spell at you.
Orcish apparitions take form around you.
The spectral orc knight hits you from afar with a +0 halberd!
You feel drained.
Unknown command.
Unknown command.
Unknown command.
Casting: Iskenderun's Mystic Blast (dangerous; 2% risk of failure)
Confirm with . or Enter, or press ? or * to list all spells.
You erupt in a blast of force!
The mystic blast hits the spectral orc knight.
The spectral orc knight is moderately damaged.
The spectral orc knight is knocked back by the mystic blast.
The mystic blast hits the spectral orc warrior but does no damage.
The mystic blast hits the spectral orc warrior.
The spectral orc warrior is lightly damaged.
The spectral orc warrior is knocked back by the mystic blast.
The mystic blast hits the spectral orc knight.
The spectral orc knight is moderately damaged.
The spectral orc knight is knocked back by the mystic blast.
The mystic blast hits the spectral orc knight!
The spectral orc knight is moderately damaged.
The spectral orc knight is knocked back by the mystic blast.
The spectral orc knight hits you from afar with a +0 halberd!!
* * * LOW HITPOINT WARNING * * *
The spectral orc warrior barely misses you.
The spectral orc knight hits you with a +0 dire flail!
You die...

.. #. #...........#
... #..[........# ...#
#...........# ....
#...........# #..#
####...........#
##.o.##.#.........#..#
#.....Z†.........##P##
#.#.....#####....## ##
#....Z@.## #P####
.......ZZZ# ###
.........## ##########


You could see Nergalle, 2 spectral orc warriors and 3 spectral orc knights.

Vanquished Creatures
  3 two-headed ogres
  A cyclops (D:11)
  A cane toad (Lair:1)
  A gargoyle (D:12)
  A rime drake (Lair:1)
  Psyche (D:8)
  2 kobold demonologists
  A queen bee (D:8)
  5 trolls
  A hornet (D:9)
  3 wraiths
  A basilisk (Lair:1)
  4 yaks (D:7)
  A wyvern (Lair:1)
  2 humans (D:8)
  A steam dragon (D:10)
  An acid dragon (D:7)
  5 water moccasins
  3 black bears
  A sky beast (D:7)
  2 orc warriors
  9 wolves
  2 ogres
  A phantom (D:4)
  5 centaurs
  7 kobold brigands
  5 bullfrogs
  3 gnoll sergeants
  A necrophage (D:7)
  12 killer bees
  3 electric eels
  A howler monkey (D:8)
  2 bullfrog zombies (D:6)
  6 hounds
  7 orc priests
  A gnoll bouda (D:9)
  3 iguanas
  Natasha (thrice) (D:3)
  13 orc wizards
  A mummy (D:6)
  20 gnolls
  10 adders
  2 shadow imps
  4 white imps
  4 dart slugs
  40 orcs
  6 ball pythons
  6 endoplasms
  6 giant cockroaches
  9 goblins
  11 hobgoblins
  6 jackals (D:2)
  31 kobolds
  2 quokkas
  5 bats
  3 frilled lizards (D:1)
  A hobgoblin zombie (D:6)
  A kobold zombie (D:6)
  6 rats
299 creatures vanquished.

Vanquished Creatures (others)
  52 fulminant prisms
  A fungus (Lair:1)
  31 plants
84 creatures vanquished.

Grand Total: 383 creatures vanquished

Notes
Turn   | Place    | Note
-------+----------+-------------------------------------------
     0 | D:1      | 112233 the Deep Elf Conjurer began the quest for the Orb.
     0 | D:1      | Reached XP level 1. HP: 10/10 MP: 6/6
   183 | D:1      | Reached XP level 2. HP: 15/15 MP: 4/8
   900 | D:1      | Reached XP level 3. HP: 19/19 MP: 6/10
  1264 | D:2      | Reached skill level 4 in Spellcasting
  1350 | D:2      | Reached skill level 5 in Conjurations
  1609 | D:2      | Reached XP level 4. HP: 24/24 MP: 7/12
  2224 | D:3      | Noticed Natasha
  2227 | D:3      | Killed Natasha
  2228 | D:3      | Reached skill level 5 in Spellcasting
  2231 | D:3      | Learned a level 2 spell: Searing Ray
  2542 | D:3      | Found a faded altar of an unknown god.
  2570 | D:3      | Noticed Natasha
  2578 | D:3      | Killed Natasha
  2579 | D:3      | Reached XP level 5. HP: 28/28 MP: 4/14
  2912 | D:3      | Found the amulet of Vitality {RegenMP++ Regen++}
  2982 | D:3      | Noticed Natasha
  2994 | D:3      | Killed Natasha
  3521 | D:4      | Reached XP level 6. HP: 33/33 MP: 13/16
  3577 | D:4      | Reached skill level 1 in Fighting
  3577 | D:4      | Reached skill level 6 in Spellcasting
  3761 | D:4      | Found a hazy altar of Hepliaklqana.
  3762 | D:4      | Found a shadowy altar of Dithmenos.
  3763 | D:4      | Noticed a shadow
  3780 | D:5      | Entered Level 5 of the Dungeon
  4008 | D:4      | HP: 1/34 [centaur (3)]
  4011 | D:4      | Reached XP level 7. HP: 2/39 MP: 15/18
  4171 | D:4      | Learned a level 4 spell: Iskenderun's Mystic Blast
  4485 | D:5      | Found a staircase to the Ecumenical Temple.
  4554 | Temple   | Entered the Ecumenical Temple
  4722 | D:5      | Reached skill level 7 in Spellcasting
  4804 | D:5      | Reached skill level 5 in Dodging
  5023 | D:5      | Reached XP level 8. HP: 45/45 MP: 16/21
  5122 | D:5      | Learned a level 4 spell: Fulminant Prism
  5350 | D:6      | Reached skill level 8 in Spellcasting
  6251 | D:6      | Found a basalt altar of Yredelemnul.
  6302 | D:6      | Reached XP level 9. HP: 52/52 MP: 21/23
  6447 | D:7      | Reached skill level 9 in Spellcasting
  6947 | D:7      | Reached skill level 5 in Fighting
  7174 | D:7      | Reached skill level 10 in Spellcasting
  7443 | D:8      | Noticed Psyche
  7450 | D:8      | Killed Psyche
  7637 | Temple   | Became a worshipper of Sif Muna the Loreminder
  7935 | D:8      | Found an iron altar of Okawaru.
  7935 | D:8      | Found a shimmering altar of Xom.
  7989 | D:8      | Found a radiant altar of Vehumet.
  8187 | D:8      | Reached XP level 10. HP: 59/59 MP: 16/26
  8322 | D:8      | Reached * piety under Sif Muna
  8602 | D:9      | Identified the +2 cloak of the Shoals {Rampage rF+ Int-3}
  8729 | D:9      | Reached skill level 11 in Spellcasting
  8758 | D:9      | Reached skill level 10 in Conjurations
  8958 | D:9      | Noticed a wizard
  8958 | D:9      | Noticed a manticore
  8958 | D:9      | Noticed a cyclops
  8958 | D:9      | Noticed a four-headed hydra
  8982 | D:9      | Noticed a cyclops
  8982 | D:9      | Noticed a centaur warrior
  8982 | D:9      | Noticed a boulder beetle
  8982 | D:9      | Noticed a cyclops
  9127 | D:9      | Found a blossoming altar of Fedhas.
  9344 | D:10     | Entered Level 10 of the Dungeon
  9439 | D:10     | Reached skill level 1 in Hexes
  9602 | D:10     | Reached ** piety under Sif Muna
  9751 | D:10     | Noticed a rust devil
  9768 | D:10     | Found an ancient bone altar of Kikubaaqudgha.
  9837 | D:10     | Noticed an ice dragon
  9860 | D:10     | HP: 3/60 [ice dragon (3)]
 10112 | D:11     | Noticed a two-headed ogre
 10123 | D:11     | Killed a two-headed ogre
 10189 | D:10     | HP: 3/61 [troll (7)]
 10191 | D:10     | HP: 1/61 [wraith (8)]
 10490 | D:11     | Reached XP level 11. HP: 66/66 MP: 26/28
 10612 | D:11     | Found a staircase to the Lair.
 10700 | D:11     | Reached skill level 10 in Dodging
 10749 | D:11     | Noticed a two-headed ogre
 10762 | D:11     | Killed a two-headed ogre
 10763 | D:11     | Reached skill level 1 in Armour
 11566 | D:12     | Reached skill level 12 in Spellcasting
 11702 | D:12     | Noticed a two-headed ogre
 11713 | D:12     | Killed a two-headed ogre
 11868 | D:12     | Noticed a boulder beetle
 11938 | Lair:1   | Entered Level 1 of the Lair of Beasts
 12192 | Lair:1   | Learned a level 6 spell: Iron Shot
 12270 | Lair:1   | Reached *** piety under Sif Muna
 12410 | Lair:1   | Reached skill level 1 in Earth Magic
 12653 | Lair:1   | Noticed Nergalle
 12665 | Lair:1   | Mangled by a spectral orc knight

Illustrated notes

Levels and vault maps discovered:
D:1:      dpeg_arrival_simpleton_c, layout_rooms
D:2:      layout_basic
D:3:      layout_loops_corners, shapermc_ecumenical_altar_acropolis,
          uniq_natasha
D:4:      layout_cave_pools, riverfiend_overflow_shadow_ancestor
D:5:      cheibrodos_thug_alley, layout_rooms,
          minmay_temple_entry_enclosed_plants, minmay_misc_feat_plants
D:6:      layout_cave_pools, lemuel_zombie_altar_yredelemnul,
          nicolae_ossuary_entry_giza
D:7:      layout_cave_pools
D:8:      layout_basic, mainiacjoe_overflow_tiny_flanked, vehumet_altar_wand_db,
          okawaru_humans, nicolae_looking_at_the_future, uniq_psyche
D:9:      layout_loops_cross, fedhas_altar_fruit_tree, minivault_12
D:10:     dragon1_lemuel, layout_basic, kiku_gazebo_pond_becter, orc_0_dummy
D:11:     layout_gridville, erik_lair_island
D:12:     layout_loops_ring, serial_shops, nicolae_shop_window_shopping,
          chequers_serial_rivers_large_a
Temple:   nicolae_temple_great_sept
Lair:1:   layout_cave_pods, nicolae_quartered_pool_little, serial_bayou_shore_a,
          uniq_nergalle

Skill      XL: |  1  2  3  4  5  6  7  8  9 10 11 |
---------------+----------------------------------+-----
Spellcasting   | 4 5 6 7 8 10 11 12 | 12.4
Conjurations   | 5 6 7 8 9 10 11 | 11.1
Dodging        | 3 4 5 6 8 9 10 | 10.7
Fighting       | 1 2 4 5 6 7 |  7.2
Hexes          | 3 4 |  4.8
Armour         | 2 |  2.6
Earth Magic    | 1 |  1.1
Stealth        | |  2.8

Action                   |  1- 3 |  4- 6 |  7- 9 | 10-12 || total
-------------------------+-------+-------+-------+-------++-------
Melee: Unarmed           |    10 |       |       |       ||    10
       Long sword        |       |       |     1 |     1 ||     2
 Cast: Magic Dart        |    77 |    89 |   152 |    70 ||   388
       Searing Ray       |       |    14 |    56 |    49 ||   119
       Iskenderun's Myst |       |       |    36 |    84 ||   120
       Fulminant Prism   |       |       |     7 |    45 ||    52
Evoke: Wand              |       |       |       |     2 ||     2
  Use: Potion            |     1 |       |     3 |     1 ||     5
       Scroll            |       |       |     8 |    13 ||    21
Armor: Robe              |     2 |     8 |    12 |     9 ||    31
       Skin              |       |       |    11 |       ||    11
       Troll leather arm |       |       |       |     3 ||     3
Dodge: Dodged            |    12 |    24 |    79 |   107 ||   222
